 Dungeon Crawl Stone Soup version 0.19-a0-347-g6bb00b2 (webtiles) character file.

63 wvc the Cutter (level 3, 0/24 HPs)
             Began as a High Elf Wanderer on May 29, 2016.
             Slain by an orc
             ... wielding a +0 whip
              (4 damage)
             ... on level 2 of the Dungeon.
             The game lasted 00:03:38 (2119 turns).

wvc the Cutter (High Elf Wanderer)                  Turns: 2119, Time: 00:03:38

Health: 0/24       AC:  2    Str:  9    XL:     3   Next: 87%
Magic:  9/9        EV: 13    Int: 18    God:
Gold:   58         SH:  0    Dex: 15    Spells: 0 memorised, 9 levels left

rFire  . . .     SeeInvis .     j - +0 scimitar
rCold  . . .     Gourm    .     d - +0 robe
rNeg   . . .     Faith    .     (no shield)
rPois  +         Spirit   .     (no helmet)
rElec  .         Dismiss  .     (no cloak)
rCorr  .         Reflect  .     (no gloves)
SustAt .         Harm     .     (no boots)
MR     .....                    (no amulet)
Stlth  ++........               (no ring)
                                g - ring of poison resistance

@: not resistant to hostile enchantments, unstealthy
A: no striking features
a: no special abilities


You were on level 2 of the Dungeon.
You were not hungry.

You visited 1 branch of the dungeon, and saw 3 of its levels.

You collected 58 gold pieces.

Inventory:

Hand Weapons
 a - a +2 short sword
 j - a +0 scimitar (weapon)
Armour
 d - a +0 robe (worn)
Jewellery
 g - a ring of poison resistance (left hand)
Scrolls
 c - a scroll of teleportation {unknown}
 i - a scroll of immolation {unknown}
 k - a scroll of identify {unknown}
 l - a scroll of fog {unknown}
 m - 2 scrolls of remove curse {unknown}
 o - a scroll of enchant weapon {unknown}
 p - a scroll of random uselessness {unknown}
Potions
 b - a potion of curing
 e - a potion of brilliance {unknown}
 h - a potion of beneficial mutation {unknown}
Comestibles
 f - 2 bread rations


   Skills:
 - Level 2.0 Fighting
 - Level 3.7(4.0) Short Blades
 + Level 2.3(3.3) Long Blades
 - Level 1.0 Throwing
 - Level 2.1 Dodging
 - Level 1.1 Stealth
 - Level 3.6 Spellcasting


You had 9 spell levels left.
You didn't know any spells.

Dungeon Overview and Level Annotations

Branches:
Dungeon (3/15)

Altars:


Message History

You hit the orc.
The orc is moderately wounded.
The orc hits you with a whip. x2
* * * LOW HITPOINT WARNING * * *
You are too injured to fight recklessly!
There is a stone staircase leading up here.
The orc hits you with a whip.
* * * LOW HITPOINT WARNING * * *
You climb upwards.
There is a stone staircase leading down here.
You hit the orc.
The orc is heavily wounded.
The orc hits you but does no damage.
You barely miss the orc.
The orc is heavily wounded.
The orc closely misses you.
You closely miss the orc.
The orc is heavily wounded.
The orc hits you with a whip.
You die...

#..# #.####.##.#
#....#..... #..#
#...#...#.#
#..###..... #.<#
###.#...#.#
#..###..... #..#
##.#...#.##
##.........
#..####.........#
##..###...
#..#............#
#...#.#.#
.....##...÷.....#
#..###...
#............######
#.###....
#.#####......#÷.@o##
#..#.....
#..................##
#........
#######...####......##
##..#####
##....>........#
###.......
########.....##
#...######
#....#####...######
##.#................
#...............####
#.....###.......####


You could see an orc.

Vanquished Creatures
  An adder (D:2)
  2 dart slugs
  A giant gecko (D:2)
  An orc (D:3)
  2 bats (D:1)
  4 giant cockroaches
  3 goblins
  10 hobgoblins
  4 jackals (D:1)
  A ball python (D:2)
  2 giant newts (D:2)
  5 kobolds
  5 rats
41 creatures vanquished.

Vanquished Creatures (others)
  4 toadstools (D:1)
4 creatures vanquished.

Grand Total: 45 creatures vanquished

Notes
Turn   | Place    | Note
--------------------------------------------------------------
     0 | D:1      | wvc the High Elf Wanderer began the quest for the Orb.
     0 | D:1      | wvc set off with: a +2 short sword, a potion of curing, a potion of lignification, a +0 robe, a bread ration
     0 | D:1      | Reached XP level 1. HP: 14/14 MP: 6/6
    51 | D:1      | Reached XP level 2. HP: 14/19 MP: 7/7
  1169 | D:1      | Reached XP level 3. HP: 17/24 MP: 9/9
  1382 | D:2      | Reached skill level 1 in Long Blades
  2119 | D:2      | Slain by an orc

Vault maps used:
D:1:      ldierk_walled_garden_2
D:2:      minmay_misc_feat_square
D:3:      kennysheep_okawaru_gauntlet, elyvilon_altar_4, ecumenical_altar_1,
          minmay_misc_feat_roman

Skill      XL: |  1  2  3 |
---------------+----------+-----
Short Blades   | 2 3 |  3.7
Long Blades    | 2 |  2.3
Fighting       | |  2.0
Throwing       | |  1.0
Dodging        | |  2.1
Stealth        | |  1.1
Spellcasting   | |  3.6

Action                   || total
-------------------------++-------
Melee: Short sword       ||    97
       Scimitar          ||    61
  Use: Potion            ||     2
 Stab: Sleeping          ||     3
  Eat: Chunk             ||     1
       Bread ration      ||     1
Armor: Robe              ||    25
       Skin              ||     7
Dodge: Dodged            ||    96
